 Dungeon Crawl Stone Soup version 0.30.0-17-ge0270778cf (webtiles) character file.

Game seed: 2151695166018722272

4518 monsoonserge the Covert (level 10, 0/56 HPs)
             Began as a Kobold Enchanter on May 23, 2023.
             Was a Believer of Wu Jian.
             Slain by an orc knight
             ... wielding a +0 glaive
              (9 damage)
             ... in a bailey.
             The game lasted 00:28:01 (8047 turns).

monsoonserge the Covert (Kobold Enchanter)          Turns: 8047, Time: 00:28:02

Health: 0/56       AC:  8    Str:  4    XL:     10   Next: 66%
Magic:  11/16      EV: 16    Int: 25    God:    Wu Jian [**....]
Gold:   541        SH:  0    Dex: 15    Spells: 3/17 levels left

rFire   + . .        i - +1 dagger (speed)
rCold   + + .        (no shield)
rNeg    . . .        B - +0 steam dragon scales
rPois   .            (no helmet)
rElec   .            H - scarf {rC+ rF+}
rCorr   .            (no gloves)
SInv    .            u - +0 pair of boots
Will    .....        (no amulet)
Stlth   +++++++      g - ring of protection from cold
HPRegen 0.00/turn    (no ring)
MPRegen 0.15/turn

%: no passive effects
@: inhibited regen
A: small, no large weapons, nightstalker 3, iridescent scales 1, clever 1,
inhibited regeneration
a: Renounce Religion, Wall Jump


You were in a bailey.
You worshipped Wu Jian.
Wu Jian was pleased with you.
You visited 2 branches of the dungeon, and saw 9 of its levels.
You also visited: Bailey.

You collected 541 gold pieces.

Inventory:

Hand Weapons
 i - a +1 dagger of speed (weapon)
 G - a +0 club
Missiles
 h - 9 poisoned darts (quivered)
Armour
 u - a +0 pair of boots (worn)
 B - +0 steam dragon scales (worn)
 D - a +2 ring mail of fire resistance
 H - a scarf of resistance (worn)
 K - a +2 robe of cold resistance
Magical Staves
 j - a staff of fire
 L - a staff of cold
Jewellery
 g - a ring of protection from cold (left hand)
Wands
 z - a wand of charming (1)
 I - a wand of flame (16)
Scrolls
 b - 2 scrolls of immolation {unknown}
 e - 2 scrolls of fear {unknown}
 f - 2 scrolls of fog {unknown}
 k - 4 scrolls of teleportation {unknown}
 l - 9 scrolls of identify {unknown}
 m - 2 scrolls of silence {unknown}
 n - a scroll of vulnerability {unknown}
 r - 2 scrolls of enchant weapon {unknown}
 s - a scroll of poison {unknown}
 t - a scroll of summoning {unknown}
 w - a scroll of amnesia {unknown}
 y - a scroll of noise {unknown}
 E - a scroll of blinking {unknown}
 F - a scroll of acquirement {unknown}
 J - a scroll of brand weapon {unknown}
Potions
 a - a potion of curing
 c - 4 potions of invisibility
 d - 3 potions of flight
 o - 3 potions of heal wounds {unknown}
 p - a potion of lignification {unknown}
 q - 3 potions of mutation
 v - 2 potions of brilliance {unknown}
 x - a potion of attraction {unknown}
 A - 2 potions of degeneration {unknown}
 C - 3 potions of haste {unknown}
 M - a potion of cancellation {unknown}
 N - 3 potions of magic {unknown}
 O - 2 potions of might {unknown}


   Skills:
 + Level 3.0 Fighting
 + Level 6.7 Short Blades
 + Level 3.5 Armour
 + Level 5.3 Dodging
 + Level 13.8 Stealth
 + Level 4.0 Spellcasting
 * Level 3.1 Conjurations
 + Level 5.9 Hexes
 * Level 1.9 Translocations
 - Level 2.0 Ice Magic


You had 3 spell levels left.
You knew the following spells:

 Your Spells              Type           Power      Damage    Failure   Level
a - Ensorcelled Hibernat  Hex/Ice        48%        N/A       2%          2
b - Confusing Touch       Hex            34%        N/A       2%          3
c - Dazzling Flash        Conj/Hex       54%        N/A       4%          3
d - Tukima's Dance        Hex            34%        N/A       2%          3
e - Teleport Other        Tloc           14%        N/A       12%         3

Your spell library contained the following spells:

 Spells                   Type           Power      Damage    Failure   Level
 Gell's Gravitas          Tloc           14%        N/A       12%         3
 Vhi's Electric Charge    Tloc/Air       18%        N/A       19%         3
 Animate Dead             Necr           5%         N/A       65%         4
 Olgreb's Toxic Radiance  Pois           5%         N/A       65%         4
 Arcjolt                  Conj/Air       6%         1d16      80%         5
 Dispersal                Tloc           7%         N/A       99%         6
 Eringya's Noxious Bog    Tmut/Pois      2%         N/A       100%        6
 Plasma Beam              Fire/Air       2%         2x1d14    100%        6
 Discord                  Hex            17%        N/A       100%        8
 Ignition                 Fire           2%         3d3       100%        8


Dungeon Overview and Level Annotations

Branches:
Dungeon (8/15)             Temple (1/1) D:6          Bailey (1/1)
   Lair: D:8-11

Altars:
Ashenzari
Cheibriados
Elyvilon
Fedhas
Gozag
Hepliaklqana
Kikubaaqudgha
Makhleb
Nemelex Xobeh
Qazlal
Ru
Trog
Uskayaw
Vehumet
Wu Jian
Xom
Yredelemnul
Zin
The Shining One

Shops:
D:1 ![

Annotations:
Temple Grinder


Innate Abilities, Weirdness & Mutations

You are small and have problems with some larger weapons.
You are completely attuned to the shadows.
You are partially covered in iridescent scales. (AC +2)
Your mind is acute. (Int +4, Str/Dex -1)
You do not regenerate when monsters are visible.


Message History

The orc knight is lightly wounded.
The orc knight is no longer blind.
The orc hits you with a +0 hand axe. The orc knight misses you.
The orc hits you but does no damage.
The orc knight roars a battlecry!
The orc goes into a battle-frenzy!
You see here a +0 war axe.
Casting: Dazzling Flash (dangerous; 4% risk of failure)
Confirm with . or Enter, or press ? or * to list all spells.
Casting: Dazzling Flash (dangerous; 4% risk of failure)
Press: ? - help, Dir - look around, f - activate The orc knight is dazzled.
The orc is dazzled.
The orc misses you. The orc knight misses you. The orc barely misses you.
The orc knight hits you from afar with a +0 glaive!
* * * LOW HITPOINT WARNING * * *
You spin and attack the orc knight repeatedly.
You hit the orc knight but do no damage.
You catch the helpless orc knight completely off-guard!
You impale the orc knight!!
The orc knight is moderately wounded.
The orc closely misses you.
Unknown command.
Press: ? - help, v - describe, . - travel
Here: an orc knight, wielding a +0 trident and wearing a +0 plate armour (moderately wounded, wandering, strong, blind, hasn't noticed you)
The floor, spattered with blood.
You lunge at the orc knight, in a flurry of attacks.
You closely miss the orc knight.
The orc knight is almost dead.
You barely miss the orc knight.
The orc knight is almost dead.
You hit the orc knight.
The orc knight is almost dead.
You spin and attack the orc repeatedly.
You hit the orc.
The orc is severely wounded.
You catch the helpless orc completely off-guard!
You impale the orc!!
You kill the orc!
The Council accepts your kill. The orc barely misses you.
The orc knight hits you with a +0 glaive!
You die...

#.....#
#.....#
#.....#
##'''##
##.....##
#.......#
#..#.#..#
#..)....#
#...@)..#
#.)ooo..#
##.....##
#'''''#
#.....#
.......


You could see 2 orc knights and an orc (strong).

Vanquished Creatures
  Pikel (D:8)
  Maggie (D:6)
  Prince Ribbit (D:6)
  A wyvern (D:8)
  Eustachio (D:6)
  Edmund (D:4)
  2 water moccasins (D:7)
  4 black bears
  2 sky beasts
  2 ice beasts
  2 orc warriors (Bailey)
  A centaur (D:6)
  2 lemures (D:8)
  4 ogres
  3 bullfrogs
  2 scorpions
  A wyvern zombie (D:7)
  3 wights (D:7)
  2 killer bees (D:8)
  A howler monkey (D:8)
  A crimson imp (D:5)
  A centaur zombie (D:7)
  2 gnoll boudas (D:7)
  4 orc priests
  4 hounds
  A jelly (D:6)
  A sleepcap (D:5)
  Ijyb (D:5)
  2 orc wizards
  7 iguanas
  7 gnolls (D:7)
  7 adders
  4 white imps
  3 ufetubi
  3 worms
  2 dart slugs
  41 orcs
  4 ball pythons
  3 endoplasms
  A giant cockroach (D:3)
  8 goblins
  7 hobgoblins
  7 jackals (D:3)
  2 quokkas (D:1)
  5 bats
  4 frilled lizards
  8 kobolds
  9 rats
186 creatures vanquished.

Notes
Turn   | Place    | Note
-------+----------+-------------------------------------------
     0 | D:1      | monsoonserge the Kobold Enchanter began the quest for the
                  | Orb.
     0 | D:1      | Reached XP level 1. HP: 10/10 MP: 3/3
   143 | D:1      | Reached XP level 2. HP: 15/15 MP: 5/5
   146 | D:1      | Learned a level 2 spell: Ensorcelled Hibernation
   194 | D:1      | Found Benymysu's Distillery.
   227 | D:1      | Found Ocafim's Armour Boutique.
   349 | D:1      | Found a faded altar of an unknown god.
   477 | D:1      | Reached XP level 3. HP: 18/19 MP: 6/6
   496 | D:1      | Learned a level 3 spell: Confusing Touch
  1186 | D:2      | Reached skill level 5 in Stealth
  1334 | D:2      | Reached skill level 1 in Ice Magic
  1334 | D:2      | Reached XP level 4. HP: 24/24 MP: 4/7
  1693 | D:3      | Found a sacrificial altar of Ru.
  1814 | D:3      | Found a shimmering altar of Xom.
  2031 | D:3      | Found a snail-covered altar of Cheibriados.
  2112 | D:3      | Found a glowing golden altar of the Shining One.
  2521 | D:4      | Noticed Edmund
  2539 | D:4      | Killed Edmund
  2540 | D:4      | Reached skill level 6 in Stealth
  2540 | D:4      | Reached XP level 5. HP: 15/28 MP: 3/8
  2540 | D:4      | Reached XP level 6. HP: 18/33 MP: 3/9
  2561 | D:3      | Learned a level 3 spell: Dazzling Flash
  2631 | D:4      | Noticed an ogre
  2632 | D:4      | Killed an ogre
  2633 | D:4      | Reached skill level 7 in Stealth
  2652 | D:4      | Reached skill level 1 in Conjurations
  2673 | D:3      | Reached XP level 7. HP: 25/37 MP: 3/11
  2806 | D:4      | Reached skill level 1 in Armour
  3028 | D:4      | Reached skill level 1 in Fighting
  3130 | D:4      | Reached skill level 8 in Stealth
  3708 | D:5      | Entered Level 5 of the Dungeon
  3759 | D:5      | Found a sparkling altar of Nemelex Xobeh.
  3928 | D:5      | Found a white marble altar of Elyvilon.
  4062 | D:5      | Reached XP level 8. HP: 43/43 MP: 12/12
  4326 | D:5      | Got Alegat's Quarto of Undead Filth
  4349 | D:5      | Reached skill level 9 in Stealth
  4377 | D:5      | Noticed Ijyb
  4385 | D:5      | Killed Ijyb
  4873 | D:6      | Found a staircase to the Ecumenical Temple.
  4882 | D:6      | Reached XP level 9. HP: 48/48 MP: 13/13
  4884 | D:6      | Noticed Grinder
  4888 | Temple   | Entered the Ecumenical Temple
  4909 | Temple   | Became a worshipper of the Wu Jian Council
  4923 | D:6      | Noticed Prince Ribbit
  4939 | D:6      | Killed Prince Ribbit
  4940 | D:6      | Reached skill level 5 in Short Blades
  4940 | D:6      | Reached skill level 10 in Stealth
  4957 | Temple   | HP: 2/48 [something (7)]
  5144 | Temple   | Gained mutation: You are partially covered in iridescent
                  | scales. (AC +2) [potion of mutation]
  5144 | Temple   | Gained mutation: You do not regenerate when monsters are
                  | visible. [potion of mutation]
  5144 | Temple   | Gained mutation: Your mind is acute. (Int +4, Str/Dex -1)
                  | [potion of mutation]
  5480 | D:6      | Noticed Maggie
  5483 | D:6      | Killed Maggie
  5502 | D:6      | Reached skill level 11 in Stealth
  5631 | D:6      | Noticed Eustachio
  5636 | D:6      | Killed Eustachio
  6020 | D:6      | Found a hazy altar of Hepliaklqana.
  6321 | D:7      | Reached skill level 5 in Hexes
  6328 | D:7      | Found a basalt altar of Yredelemnul.
  6364 | D:7      | Reached skill level 12 in Stealth
  6389 | D:7      | Learned a level 3 spell: Tukima's Dance
  6487 | D:7      | Reached * piety under Wu Jian
  6488 | D:7      | Reached XP level 10. HP: 54/54 MP: 11/14
  6639 | D:7      | Reached skill level 5 in Dodging
  6985 | D:7      | Reached skill level 13 in Stealth
  7275 | D:7      | Learned a level 3 spell: Teleport Other
  7603 | D:8      | Found a burning altar of Makhleb.
  7605 | D:8      | Found a hide-covered altar of Uskayaw.
  7614 | D:8      | Found an opulent altar of Gozag.
  7619 | D:8      | Found a glowing silver altar of Zin.
  7622 | D:8      | Found a broken altar of Ashenzari.
  7787 | D:8      | Noticed Pikel
  7790 | D:8      | Killed Pikel
  7791 | D:8      | Reached skill level 1 in Translocations
  7861 | D:8      | Found a flagged portal.
  7867 | Bailey   | Entered a bailey
  7902 | Bailey   | Reached ** piety under Wu Jian
  8038 | Bailey   | Noticed an orc knight
  8038 | Bailey   | Noticed an orc knight
  8047 | Bailey   | Slain by an orc knight

Illustrated notes

Levels and vault maps discovered:
D:1:      dpeg_arrival_ratfight, layout_basic,
          shapermc_ecumenical_altar_flowoftime, serial_shops, shop_fountains,
          shop
D:2:      layout_rooms
D:3:      layout_loops_ring, mainiacjoe_overflow_boulevard,
          mainiacjoe_overflow_tiny_flanked, general_overflow_altar, tso_altar
D:4:      layout_gridville, uniq_edmund
D:5:      layout_cave_pods, lemuel_coloured_pillars_altar,
          nemelex_spade_bored_becter, minmay_fire_ice_demons, uniq_ijyb
D:6:      layout_loops_ring, nzn_hepliaklqana_mist_gate,
          minmay_temple_entry_arrows, nicolae_zen_rock_garden, uniq_maggie,
          uniq_grinder, uniq_prince_ribbit1, uniq_eustachio
D:7:      layout_basic, lemuel_zombie_altar_yredelemnul, serial_aquarium,
          aquarium_bridge_island_small [aquarium_subvault_small_open,
          aquarium_subvault_bridge, aquarium_subvault_window,
          aquarium_subvault_wall, aquarium_subvault_bridge], aquarium_window_1,
          aquarium_window_corner, aquarium_window_1, aquarium_view_4,
          aquarium_view_2c, aquarium_balcony_double_1
D:8:      layout_rooms, mainiacjoe_overflow_catwalk,
          nicolae_overflow_hallway_of_the_gods, lemuel_doored_altar,
          serial_shops, nicolae_shop_waterfront, enter_bailey_3, uniq_pikel,
          uniq_gastronok, uniq_psyche
Temple:   nicolae_temple_ecumenical_triangle
Bailey:   bailey_polearm_5, bailey

Skill      XL: |  1  2  3  4  5  6  7  8  9 10 |
---------------+-------------------------------+-----
Stealth        | 5 6 7 8 9 12 13 | 13.8
Ice Magic      | 1 2 |  2.0
Short Blades   | 3 4 6 |  6.7
Dodging        | 3 4 5 |  5.3
Conjurations   | 1 2 3 |  3.1
Armour         | 1 2 3 |  3.5
Fighting       | 1 2 3 |  3.0
Spellcasting   | 3 4 |  4.0
Hexes          | 4 5 |  5.9
Translocations | 1 |  1.9

Action                     |  1- 3 |  4- 6 |  7- 9 | 10-12 || total
---------------------------+-------+-------+-------+-------++-------
  Melee: Dagger            |    74 |   106 |   243 |   203 ||   626
         Punch             |     1 |     3 |     1 |     3 ||     8
   Cast: Ensorcelled Hiber |     9 |     6 |    28 |    19 ||    62
         Confusing Touch   |       |     1 |     3 |     1 ||     5
         Dazzling Flash    |       |       |     4 |     7 ||    11
Ability: Lunge             |       |       |    10 |    30 ||    40
         Whirlwind         |       |       |       |    55 ||    55
    Use: Potion            |       |       |     4 |       ||     4
   Stab: Sleeping          |    26 |    17 |    43 |    27 ||   113
         Confused          |       |     2 |     1 |     1 ||     4
         Invisible         |       |       |     9 |    17 ||    26
         Distracted        |       |       |     1 |       ||     1
 Armour: Robe              |     3 |     4 |       |       ||     7
         Leather armour    |       |     8 |    40 |       ||    48
         Steam dragon scal |       |       |    15 |    17 ||    32
  Dodge: Dodged            |    20 |    51 |   119 |   104 ||   294
